 Dungeon Crawl Stone Soup version 0.18.1-1-g2f07953 (webtiles) character file.

4972 Magifyre the Summoner (level 10, -9/50 HPs)
             Began as a Deep Elf Summoner on June 10, 2016.
             Mangled by a freezing wraith (13 damage)
             ... in an ice cave.
             The game lasted 01:22:08 (13355 turns).

Magifyre the Summoner (Deep Elf Summoner)          Turns: 13355, Time: 01:22:11

Health: -9/50      AC:  6    Str:  9    XL:     10   Next: 28%
Magic:  10/28      EV: 13    Int: 28    God:
Gold:   883        SH:  0    Dex: 15    Spells: 6 memorised, 17 levels left

rFire  . . .     SeeInvis .     d - +7 spear of Duc Okk {pierce, rPois rN+ Str+4 Int+4}
rCold  . . .     Gourm    .     t - +0 robe {Archmagi}
rNeg   + . .     Faith    .     (no shield)
rPois  +         Spirit   .     (no helmet)
rElec  .         Dismiss  .     G - +2 cloak
rCorr  .         Reflect  .     U - +0 pair of gloves
SustAt .         Harm     .     (no boots)
MR     ++...                    (no amulet)
Stlth  +++.......               u - ring of protection from magic
                                J - ring of stealth

@: slowed, very slow, very resistant to hostile enchantments, fairly stealthy
A: no striking features
a: no special abilities


You were in an ice cave.
You were not hungry.

You visited 3 branches of the dungeon, and saw 11 of its levels.
You also visited: Ossuary and Ice Cave.

You collected 883 gold pieces.

Inventory:

Hand Weapons
 d - the +7 spear of Duc Okk (weapon) {pierce, rPois rN+ Str+4 Int+4}
   (You found it on level 6 of the Dungeon)

   It inflicts extra damage upon your enemies.
   It affects your strength (+4).
   It affects your intelligence (+4).
   It protects you from poison.
   It protects you from negative energy.
 F - a +3 quarterstaff of chaos
Missiles
 z - 3 throwing nets (quivered)
Armour
 t - a +0 robe of the Archmagi (worn)
 G - a +2 cloak (worn)
 N - a troll hide
 U - a +0 pair of gloves (worn)
Jewellery
 p - an uncursed ring of fire
 u - a ring of protection from magic (right hand)
 B - an uncursed ring of flight
 J - a ring of stealth (left hand)
Wands
 x - a wand of confusion (32/48)
 y - a wand of confusion (15/48)
 L - a wand of random effects (17/48)
 Q - a wand of iceblast (10/15)
Scrolls
 f - a scroll of random uselessness {unknown}
 h - 3 scrolls of enchant weapon
 i - 14 scrolls of remove curse
 k - 4 scrolls of immolation
 l - a scroll of fog {unknown}
 m - a scroll of enchant armour {unknown}
 o - a scroll of magic mapping {unknown}
 v - 2 scrolls of recharging {unknown}
 A - a scroll of noise {unknown}
 D - 2 scrolls of amnesia {unknown}
 E - 3 scrolls of teleportation
 M - a scroll of torment {unknown}
 R - 3 scrolls of identify
Potions
 a - 4 potions of curing
 e - 3 potions of heal wounds
 j - a potion of magic {unknown}
 n - 2 potions of lignification
 q - a potion of agility {unknown}
 r - 3 potions of mutation {unknown}
 s - a potion of might {unknown}
 w - 2 potions of berserk rage
 C - 2 potions of flight {unknown}
 O - a potion of cancellation {unknown}
Books
 b - a book of Callings

   Spells                             Type                      Level
   a - Summon Small Mammal            Summoning                    1
   b - Call Imp                       Summoning                    2
   c - Call Canine Familiar           Summoning                    3
   d - Summon Guardian Golem          Hexes/Summoning              3
   e - Summon Lightning Spire         Summoning/Air                4
   f - Summon Ice Beast               Ice/Summoning                4
 H - a book of Flames

   Spells                             Type                      Level
   a - Flame Tongue                   Conjuration/Fire             1
   b - Throw Flame                    Conjuration/Fire             2
   c - Conjure Flame                  Conjuration/Fire             3
   d - Inner Flame                    Hexes/Fire                   3
   e - Sticky Flame                   Conjuration/Fire             4
   f - Fireball                       Conjuration/Fire             5
 K - a book of the Sky

   Spells                             Type                      Level
   a - Summon Lightning Spire         Summoning/Air                4
   b - Airstrike                      Air                          4
   c - Silence                        Hexes/Air                    5
   d - Deflect Missiles               Charms/Air                   6
   e - Conjure Ball Lightning         Conjuration/Air              6
   f - Tornado                        Air                          9
Miscellaneous
 T - a disc of storms
Comestibles
 c - 10 bread rations
 g - 5 fruits
 I - 3 meat rations
 P - 8 slices of pizza


   Skills:
 - Level 2.4 Dodging
 - Level 2.4 Stealth
 + Level 12.9 Spellcasting
 * Level 12.9 Summonings


You had 17 spell levels left.
You knew the following spells:

 Your Spells              Type           Power        Failure   Level  Hunger
a - Summon Small Mammal   Summ           ####         0%          1    None
b - Call Imp              Summ           #######.     1%          2    None
c - Call Canine Familiar  Summ           #######.     1%          3    None
d - Summon Guardian Gole  Hex/Summ       ######..     1%          3    None
e - Summon Ice Beast      Ice/Summ       ######..     1%          4    None
f - Summon Lightning Spi  Summ/Air       ######..     1%          4    None


Dungeon Overview and Level Annotations

Branches:
Dungeon (8/15)             Temple (1/1) D:6            Lair (2/8) D:8

Altars:
Ashenzari
Cheibriados
Dithmenos
Elyvilon
Gozag
Kikubaaqudgha
Makhleb
Nemelex Xobeh
Pakellas
Qazlal
Ru
Vehumet
Xom
Yredelemnul
Zin
The Shining One

Shops:
D:4 [


Message History

The freezing wraith hits your crimson imp!
The freezing wraith drains your crimson imp's vigour!
Your crimson imp seems to slow down.
Your warg bites the freezing wraith.
The freezing wraith hits your warg. The freezing wraith freezes your warg!
The freezing wraith closely misses your warg.
The freezing wraith hits you but does no damage.
The freezing wraith closely misses you.
Your warg bites the freezing wraith!
Your ice beast hits the freezing wraith but does no damage.
Something hits your warg. Something freezes your warg!
Your warg dies!
Your warg's corpse disappears in a puff of smoke!
Your ice beast hits the freezing wraith.
Your ice beast freezes the freezing wraith.
The freezing wraith completely resists.
The freezing wraith hits you! The freezing wraith freezes you!!
* * * LOW HITPOINT WARNING * * *
The freezing wraith hits you!
You die...

##.....####..##
#......# ####
##....## ###
#...## ##.##
##..## #...##
#.5##
#...Y####..#
#..#W..#...#
#5W##@....##
##W###...## #..
##### ##.. ...
#... #... #...


You could see a freezing wraith and a friendly ice beast.

Vanquished Creatures
  A spiny frog (Lair:1)
  A water moccasin (Lair:2)
  An ice beast (IceCv)
  A giant frog (Lair:1)
  2 killer bees (D:7)
  A crimson imp (D:7)
  A hound (D:8)
  An orc priest (D:7)
  2 gnolls (D:6)
  An adder (D:6)
  3 river rats (Lair:1)
  A shadow imp (D:7)
  A white imp (IceCv)
  An orc (D:7)
  A giant cockroach (D:2)
  A jackal (D:2)
  A bat (D:2)
  6 plants (D:2)
27 creatures vanquished.

Vanquished Creatures (collateral kills)
  Erolcha (D:8)
  The ghost of Geoffrax the Covered, a novice TeFi of Dithmenos (D:7)
  Pikel (D:6)
  2 komodo dragons
  A freezing wraith (IceCv)
  A troll (D:7)
  A two-headed ogre (D:8)
  Grinder (D:6)
  Prince Ribbit (D:5)
  A human (D:8)
  A basilisk (Lair:1)
  A water moccasin (Lair:1)
  Duvessa (D:5)
  A black bear (D:6)
  A sky beast (D:6)
  6 ice beasts
  An alligator simulacrum (IceCv)
  A necrophage (D:5)
  An orc warrior (D:6)
  A slave (D:6)
  7 ogres
  The ghost of rhetoric the Shooter, an amateur CeHu (D:3)
  A phantom (D:4)
  2 centaurs
  Blork the orc (D:6)
  3 giant frogs
  Dowan (D:5)
  A scorpion (D:4)
  A water moccasin skeleton (D:8)
  8 killer bees
  2 swamp dragon simulacra (IceCv)
  4 howler monkeys
  A giant frog zombie (D:5)
  A jelly (D:5)
  3 hounds
  A gnoll shaman (D:6)
  7 orc wizards
  3 orc priests
  3 centaur skeletons
  Crazy Yiuf (D:5)
  6 iguanas
  4 worker ants
  A wolf simulacrum (IceCv)
  A big kobold zombie (Ossuary)
  A howler monkey zombie (D:7)
  8 mummies (Ossuary)
  7 gnolls (D:6)
  15 adders
  5 river rats (Lair:1)
  2 shadow imps
  4 white imps (IceCv)
  2 oozes
  An adder zombie (D:5)
  6 worms
  2 dart slugs
  3 giant geckos
  34 orcs
  10 bats
  6 giant cockroaches
  2 gnoll zombies (Ossuary)
  6 hobgoblins
  12 jackals
  4 kobolds
  7 quokkas
  2 ball pythons
  A giant gecko skeleton (D:4)
  3 giant newts
  8 goblins
  A kobold zombie (Ossuary)
  4 orc zombies (Ossuary)
  A quokka zombie (D:4)
  9 rats
  2 fungi (D:5)
258 creatures vanquished.

Vanquished Creatures (others)
  A slave (D:6)
  An adder (D:6)
2 creatures vanquished.

Grand Total: 287 creatures vanquished

Notes
Turn   | Place    | Note
--------------------------------------------------------------
     0 | D:1      | Magifyre the Deep Elf Summoner began the quest for the Orb.
     0 | D:1      | Reached XP level 1. HP: 10/10 MP: 6/6
   549 | D:1      | Reached XP level 2. HP: 15/15 MP: 3/8
   553 | D:1      | Learned a level 2 spell: Call Imp
  1481 | D:2      | Reached skill level 5 in Summonings
  1481 | D:2      | Reached XP level 3. HP: 19/19 MP: 4/10
  3257 | D:2      | Reached XP level 4. HP: 17/24 MP: 4/12
  3423 | D:3      | Noticed rhetoric's ghost (amateur CeHu)
  3433 | D:3      | Killed rhetoric's ghost
  3433 | D:3      | Reached skill level 5 in Spellcasting
  3583 | D:3      | Learned a level 3 spell: Call Canine Familiar
  3588 | D:3      | Learned a level 3 spell: Summon Guardian Golem
  3684 | D:3      | Learned a level 4 spell: Summon Ice Beast
  4574 | D:4      | Noticed a phantom
  4575 | D:4      | Reached XP level 5. HP: 6/28 MP: 4/15
  4608 | D:4      | Killed a phantom
  4826 | D:4      | Found a sand-covered staircase.
  4833 | Ossuary  | Entered an ossuary
  4950 | Ossuary  | Reached XP level 6. HP: 32/32 MP: 1/17
  5481 | D:4      | Found Qamom's Antique Armour Shoppe.
  6417 | D:5      | Entered Level 5 of the Dungeon
  6850 | D:5      | Reached XP level 7. HP: 36/36 MP: 10/20
  7571 | D:5      | Noticed Prince Ribbit
  7582 | D:5      | Killed Prince Ribbit
  8048 | D:5      | Noticed Dowan
  8057 | D:5      | Noticed Duvessa
  8062 | D:5      | Killed Dowan
  8062 | D:5      | Killed Duvessa
  8261 | D:5      | Noticed Crazy Yiuf
  8298 | D:5      | Killed Crazy Yiuf
  8398 | D:6      | Reached XP level 8. HP: 41/41 MP: 14/23
  8585 | D:6      | Found a snail-covered altar of Cheibriados.
  8654 | D:6      | Noticed Blork the orc
  8662 | D:6      | Killed Blork the orc
  8899 | D:6      | Noticed Grinder
  8986 | D:6      | Paralysed by Grinder for 4 turns
  8990 | D:6      | Killed Grinder
  8990 | D:6      | Reached skill level 10 in Spellcasting
  9149 | D:6      | Noticed Pikel
  9174 | D:6      | Killed Pikel
  9301 | D:6      | Got an ichor-stained spear
  9302 | D:6      | Identified the +7 spear of Duc Okk {pierce, rPois rN+ Str+4 Int+4} (You found it on level 6 of the Dungeon)
  9478 | D:6      | Found a glowing silver altar of Zin.
  9478 | D:6      | Found a glowing golden altar of the Shining One.
  9483 | D:6      | Found a white marble altar of Elyvilon.
  9556 | D:6      | Found a staircase to the Ecumenical Temple.
  9562 | Temple   | Entered the Ecumenical Temple
 10032 | D:6      | Found an oddly glowing altar of Pakellas.
 10454 | D:7      | Noticed Geoffrax's ghost (novice TeFi)
 10454 | D:7      | Reached skill level 10 in Summonings
 10455 | D:7      | Reached XP level 9. HP: 36/45 MP: 15/26
 10474 | D:7      | Killed Geoffrax's ghost
 10826 | D:7      | Noticed a troll
 10841 | D:7      | Killed a troll
 11213 | D:8      | Learned a level 4 spell: Summon Lightning Spire
 11712 | D:8      | Found a staircase to the Lair.
 11824 | D:8      | Noticed Erolcha
 11833 | D:8      | Killed Erolcha
 12087 | Lair:1   | Entered Level 1 of the Lair of Beasts
 12300 | Lair:1   | Noticed a komodo dragon
 12318 | Lair:1   | Killed a komodo dragon
 12318 | Lair:1   | Reached XP level 10. HP: 50/50 MP: 12/28
 12359 | Lair:1   | Noticed a spiny frog
 12368 | Lair:1   | Killed a spiny frog
 12995 | Lair:2   | Found a frozen archway.
 13149 | IceCv    | Entered an ice cave
 13355 | IceCv    | Mangled by a freezing wraith

Skill      XL: |  1  2  3  4  5  6  7  8  9 |
---------------+----------------------------+-----
Spellcasting   | 4 5 6 7 9 11 12 | 12.9
Summonings     | 5 6 7 8 10 12 | 12.9
Dodging        | |  2.4
Stealth        | |  2.4

Action                   |  1- 3 |  4- 6 |  7- 9 | 10-12 || total
-------------------------+-------+-------+-------+-------++-------
Melee: Unarmed           |     5 |       |       |       ||     5
       Hand axe          |   268 |     3 |    14 |       ||   285
       Club              |     7 |       |       |       ||     7
       Spear             |       |       |    59 |    38 ||    97
       Quarterstaff      |       |       |     2 |       ||     2
 Cast: Summon Small Mamm |    38 |    13 |    12 |     4 ||    67
       Call Imp          |    65 |    35 |    85 |    16 ||   201
       Call Canine Famil |       |    20 |    32 |     8 ||    60
       Summon Guardian G |       |     8 |    26 |     5 ||    39
       Summon Ice Beast  |       |    10 |    34 |     8 ||    52
       Summon Lightning  |       |       |       |     1 ||     1
  Use: Potion            |       |     2 |       |       ||     2
       Scroll            |       |       |    10 |       ||    10
 Stab: Distracted        |       |       |     3 |     1 ||     4
  Eat: Chunk             |     6 |     6 |    18 |     1 ||    31
       Bread ration      |     1 |       |       |       ||     1
       Meat ration       |       |     1 |       |       ||     1
       Royal jelly       |       |       |       |     1 ||     1
Armor: Robe              |    13 |     2 |     9 |     3 ||    27
Dodge: Dodged            |    46 |     9 |    55 |     8 ||   118
